NCAA
ILLINOIS FIGHTING ILLINI @ CINCINNATI BEARCATS
05/06/2023
 
TOP OF THE 1ST
Illinois Fighting Illini batting - Pitching for Cincinnati Bearcats : LHP Juan Espinosa
Pitching: LHP Juan Espinosa
Batting: RHB Buddy Griffin 0-0: Fly out, F3 (Popup, 3F)
Batting: SHB Jared McNayer 0-0: Swinging Strike
0-1: Swinging Strike
0-2: Ball
1-2: Strikes out swinging
Batting: LHB Milton Watson 0-0: Swinging Strike
0-1: Ball
1-1: DOUBLE (Flyball, 78M)
Batting: RHB Clinton Barton 0-0: Called Strike
0-1: Called Strike
0-2: Strikes out swinging
Top of the 1st over - 0 run(s), 1 hit(s), 0 error(s), 1 left on base; Illinois 0 - Cincinnati 0
BOTTOM OF THE 1ST
Cincinnati Bearcats batting - Pitching for Illinois Fighting Illini : RHP Ralph Oliver
Pitching: RHP Ralph Oliver
Batting: RHB Phil McKinney 0-0: Foul Ball, location: 2F
0-1: Called Strike
0-2: Foul Ball, location: 2F
0-2: Strikes out swinging
Batting: LHB Tristan Walker 0-0: Foul Ball, location: 2F
0-1: Foul Ball, location: 2F
0-2: Foul Ball, location: 2F
0-2: Foul Ball, location: 2F
0-2: Ball
1-2: Strikes out looking
Batting: RHB Joe Bailey 0-0: Called Strike
0-1: Ball
1-1: Swinging Strike
1-2: Ball
2-2: Ball
3-2: Base on Balls
Batting: RHB Allen Long 0-0: Called Strike
0-1: Ball
1-1: Ball
2-1: Fly out, F7 (Flyball, 7M)
Bottom of the 1st over - 0 run(s), 0 hit(s), 0 error(s), 1 left on base; Illinois 0 - Cincinnati 0
TOP OF THE 2ND
Illinois Fighting Illini batting - Pitching for Cincinnati Bearcats : LHP Juan Espinosa
Batting: RHB Michael Jones 0-0: Ball
1-0: Ball
2-0: Called Strike
2-1: Ball
3-1: Foul Ball, location: 2F
3-2: Base on Balls
Batting: LHB Steven Fox 0-0: Ball
1-0: Foul Ball, location: 2F
1-1: Ball
2-1: Ball
3-1: Foul Ball, location: 2F
3-2: Grounds into double play, 6-4-3 (Groundball, 6)
Batting: RHB Brandon Berry 0-0: SOLO HOME RUN (Flyball, 78XD), Distance : 371 ft
Batting: LHB Joe Alexander 0-0: Ball
1-0: Called Strike
1-1: Foul Ball, location: 2F
1-2: Ball
2-2: Ground out 4-3 (Groundball, 4M)
Top of the 2nd over - 1 run(s), 1 hit(s), 0 error(s), 0 left on base; Illinois 1 - Cincinnati 0
BOTTOM OF THE 2ND
Cincinnati Bearcats batting - Pitching for Illinois Fighting Illini : RHP Ralph Oliver
Batting: LHB Denny Allen 0-0: Foul Ball, location: 2F
0-1: Called Strike
0-2: Foul Ball, location: 2F
0-2: Foul Ball, location: 2F
0-2: Strikes out swinging
Batting: SHB Graham Jackson 0-0: Ball
1-0: Ground out 4-3 (Groundball, 4)
Batting: LHB Wayne Feniley 0-0: Called Strike
0-1: SINGLE (Groundball, 4MD)
Batting: RHB Jeff Garmon 0-0: Ball
Wayne Feniley steals 2nd base
1-0: Foul Ball, location: 2F
1-1: Swinging Strike
1-2: Ball
2-2: Strikes out swinging
Bottom of the 2nd over - 0 run(s), 1 hit(s), 0 error(s), 1 left on base; Illinois 1 - Cincinnati 0
TOP OF THE 3RD
Illinois Fighting Illini batting - Pitching for Cincinnati Bearcats : LHP Juan Espinosa
Batting: RHB Jeremiah Boswell 0-0: Ball
1-0: Swinging Strike
1-1: Foul Ball, location: 2F
1-2: Ball
2-2: Ball
3-2: Foul Ball, location: 2F
3-2: Ground out U3 (Groundball, 3)
Batting: RHB Buddy Griffin 0-0: Foul Ball, location: 2F
0-1: Ball
1-1: Swinging Strike
1-2: Strikes out looking
Batting: SHB Jared McNayer 0-0: Called Strike
0-1: Called Strike
0-2: Ball
1-2: Ball
2-2: Foul Ball, location: 2F
2-2: Foul Ball, location: 2F
2-2: Foul Ball, location: 2F
2-2: Ball
3-2: Foul Ball, location: 2F
3-2: Ground out 6-3 (Groundball, 6M)
Top of the 3rd over - 0 run(s), 0 hit(s), 0 error(s), 0 left on base; Illinois 1 - Cincinnati 0
BOTTOM OF THE 3RD
Cincinnati Bearcats batting - Pitching for Illinois Fighting Illini : RHP Ralph Oliver
Batting: RHB Rudy Marshall 0-0: Foul Ball, location: 2F
0-1: Fly out, F8 (Flyball, 8RM)
Batting: RHB Phil McKinney 0-0: Ball
1-0: Swinging Strike
1-1: Ball
2-1: Foul Ball, location: 2F
2-2: Fly out, F9 (Flyball, 89M)
Batting: LHB Tristan Walker 0-0: Ground out 5-3 (Groundball, 5S)
Bottom of the 3rd over - 0 run(s), 0 hit(s), 0 error(s), 0 left on base; Illinois 1 - Cincinnati 0
TOP OF THE 4TH
Illinois Fighting Illini batting - Pitching for Cincinnati Bearcats : LHP Juan Espinosa
Batting: LHB Milton Watson 0-0: Called Strike
0-1: Called Strike
0-2: Strikes out swinging
Batting: RHB Clinton Barton 0-0: Swinging Strike
0-1: Fly out, F5 (Line Drive, 5)
Batting: RHB Michael Jones 0-0: Ball
1-0: Ball
2-0: Foul Ball, location: 2F
2-1: Foul Ball, location: 2F
2-2: Foul Ball, location: 2F
2-2: Ball
3-2: Foul Ball, location: 2F
3-2: Foul Ball, location: 2F
3-2: Strikes out looking
Top of the 4th over - 0 run(s), 0 hit(s), 0 error(s), 0 left on base; Illinois 1 - Cincinnati 0
BOTTOM OF THE 4TH
Cincinnati Bearcats batting - Pitching for Illinois Fighting Illini : RHP Ralph Oliver
Batting: RHB Joe Bailey 0-0: Ball
1-0: Foul Ball, location: 2F
1-1: Ball
2-1: Ball
3-1: Base on Balls
Batting: RHB Allen Long 0-0: Foul Ball, location: 2F
0-1: Ball
Joe Bailey is caught stealing 2nd base
1-1: Swinging Strike
1-2: Strikes out swinging
Batting: LHB Denny Allen 0-0: Ground out 6-3 (Groundball, 6M)
Bottom of the 4th over - 0 run(s), 0 hit(s), 0 error(s), 0 left on base; Illinois 1 - Cincinnati 0
TOP OF THE 5TH
Illinois Fighting Illini batting - Pitching for Cincinnati Bearcats : LHP Juan Espinosa
Batting: LHB Steven Fox 0-0: Called Strike
0-1: SINGLE (Line Drive, 78S)
Batting: RHB Brandon Berry 0-0: Ball
1-0: Called Strike
1-1: Foul Ball, location: 2F
1-2: Strikes out swinging
Batting: LHB Joe Alexander 0-0: Ball
1-0: Swinging Strike
1-1: Swinging Strike
1-2: Ball
Steven Fox is caught stealing 2nd base
2-2: Strikes out swinging
Top of the 5th over - 0 run(s), 1 hit(s), 0 error(s), 0 left on base; Illinois 1 - Cincinnati 0
BOTTOM OF THE 5TH
Cincinnati Bearcats batting - Pitching for Illinois Fighting Illini : RHP Ralph Oliver
Batting: SHB Graham Jackson 0-0: Ball
1-0: Called Strike
1-1: DOUBLE (Line Drive, 56)
Batting: LHB Wayne Feniley 0-0: Fly out, F4 (Popup, 4D)
Batting: RHB Jeff Garmon 0-0: Called Strike
0-1: Ground out 6-3 (Groundball, 6)
Batting: RHB Rudy Marshall 0-0: Called Strike
0-1: Foul Ball, location: 2F
0-2: SINGLE (Line Drive, 89M)
Graham Jackson to third
Throwing error, E9
Graham Jackson scores
Rudy Marshall to second
Batting: RHB Phil McKinney 0-0: Ball
1-0: SINGLE (Groundball, 56)
Rudy Marshall to third
Runner from 3rd tries for Home, SAFE, no throw or cutoff
Batting: LHB Tristan Walker 0-0: Ball
1-0: Swinging Strike
1-1: Called Strike
1-2: Ball
2-2: SINGLE (Line Drive, 6D)
Phil McKinney to second
Batting: RHB Joe Bailey 0-0: Called Strike
0-1: Foul Ball, location: 2F
0-2: Ball
1-2: Ball
2-2: Ball
3-2: Ground out 5-3 (Groundball, 5)
Bottom of the 5th over - 2 run(s), 4 hit(s), 1 error(s), 2 left on base; Illinois 1 - Cincinnati 2
TOP OF THE 6TH
Illinois Fighting Illini batting - Pitching for Cincinnati Bearcats : LHP Juan Espinosa
Batting: RHB Jeremiah Boswell 0-0: Ball
1-0: Swinging Strike
1-1: Swinging Strike
1-2: Ground out 4-3 (Groundball, 6M)
Batting: RHB Buddy Griffin 0-0: Ball
1-0: Called Strike
1-1: Foul Ball, location: 2F
1-2: Ball
2-2: Foul Ball, location: 2F
2-2: Strikes out looking
Batting: SHB Jared McNayer 0-0: Called Strike
0-1: Called Strike
0-2: Fly out, F8 (Flyball, 8LM)
Top of the 6th over - 0 run(s), 0 hit(s), 0 error(s), 0 left on base; Illinois 1 - Cincinnati 2
BOTTOM OF THE 6TH
Cincinnati Bearcats batting - Pitching for Illinois Fighting Illini : RHP Ralph Oliver
Batting: RHB Allen Long 0-0: SOLO HOME RUN (Flyball, 78XD), Distance : 376 ft
Batting: LHB Denny Allen 0-0: Called Strike
0-1: Foul Ball, location: 2F
0-2: Foul Ball, location: 2F
0-2: Ball
1-2: Ground out 4-3 (Groundball, 4)
Pitching: RHP Steve Lawrence
Batting: SHB Graham Jackson 0-0: Foul Ball, location: 2F
0-1: Ball
1-1: Called Strike
1-2: Strikes out looking
Batting: LHB Wayne Feniley 0-0: Swinging Strike
0-1: Ball
1-1: Called Strike
1-2: Strikes out swinging
Bottom of the 6th over - 1 run(s), 1 hit(s), 0 error(s), 0 left on base; Illinois 1 - Cincinnati 3
TOP OF THE 7TH
Illinois Fighting Illini batting - Pitching for Cincinnati Bearcats : LHP Juan Espinosa
Pitching: LHP Troy Howell
Batting: LHB Milton Watson 0-0: Called Strike
0-1: Called Strike
0-2: Strikes out swinging
Batting: RHB Clinton Barton 0-0: Ball
1-0: Ball
2-0: Fly out, F8 (Flyball, 8RM)
Batting: RHB Michael Jones 0-0: Called Strike
0-1: Swinging Strike
0-2: Ball
1-2: SINGLE (Line Drive, 8LS)
Batting: LHB Steven Fox 0-0: Ball
Michael Jones is caught stealing 2nd base
Top of the 7th over - 0 run(s), 1 hit(s), 0 error(s), 0 left on base; Illinois 1 - Cincinnati 3
BOTTOM OF THE 7TH
Cincinnati Bearcats batting - Pitching for Illinois Fighting Illini : RHP Steve Lawrence
Batting: RHB Jeff Garmon 0-0: Ball
1-0: Ball
2-0: DOUBLE (Line Drive, 8LM)
Batting: RHB Rudy Marshall 0-0: Fly out, F5 (Popup, 25)
Batting: RHB Phil McKinney 0-0: Swinging Strike
0-1: Foul Ball, location: 2F
0-2: Ball
1-2: Ball
2-2: Strikes out looking
Batting: LHB Tristan Walker 0-0: Swinging Strike
0-1: Ball
1-1: Foul Ball, location: 2F
1-2: Ball
2-2: Strikes out swinging
Bottom of the 7th over - 0 run(s), 1 hit(s), 0 error(s), 1 left on base; Illinois 1 - Cincinnati 3
TOP OF THE 8TH
Illinois Fighting Illini batting - Pitching for Cincinnati Bearcats : LHP Troy Howell
Batting: LHB Steven Fox 0-0: Called Strike
0-1: Swinging Strike
0-2: Strikes out swinging
Batting: RHB Brandon Berry 0-0: Foul Ball, location: 2F
0-1: Hit by Pitch
Batting: LHB Joe Alexander 0-0: Called Strike
0-1: Ball
1-1: Grounds into double play, U6-3 (Groundball, 6M)
Top of the 8th over - 0 run(s), 0 hit(s), 0 error(s), 0 left on base; Illinois 1 - Cincinnati 3
BOTTOM OF THE 8TH
Cincinnati Bearcats batting - Pitching for Illinois Fighting Illini : RHP Steve Lawrence
Batting: RHB Joe Bailey 0-0: Ball
1-0: Fly out, F8 (Flyball, 89M)
Pitching: RHP Don Wright
Batting: RHB Allen Long 0-0: Called Strike
0-1: Foul Ball, location: 2F
0-2: Reached on error, E5 (Groundball, 5S)
Batting: LHB Denny Allen 0-0: Intentional Walk
Batting: SHB Graham Jackson 0-0: Hit by Pitch
Allen Long to third
Denny Allen to second
Pinch Hitting: LHB Lance Raymond 0-0: Ball
1-0: Ball
Passed Ball!
Allen Long scores
Denny Allen to third
Graham Jackson to second
2-0: Intentional Walk
Batting: RHB Jeff Garmon 0-0: Called Strike
0-1: Called Strike
0-2: Ball
1-2: Ball
2-2: Foul Ball, location: 2F
2-2: Ball
3-2: Foul Ball, location: 2F
3-2: Base on Balls
Denny Allen scores
Graham Jackson to third
Lance Raymond to second
Batting: RHB Rudy Marshall 0-0: Ball
1-0: Swinging Strike
1-1: Fly out, F9 (Popup, 89S)
Batting: RHB Phil McKinney 0-0: Ball
1-0: Called Strike
1-1: Foul Ball, location: 2F
1-2: Strikes out swinging
Bottom of the 8th over - 2 run(s), 0 hit(s), 1 error(s), 3 left on base; Illinois 1 - Cincinnati 5
TOP OF THE 9TH
Illinois Fighting Illini batting - Pitching for Cincinnati Bearcats : LHP Troy Howell
Now in CF: Chris Taylor
Batting: RHB Jeremiah Boswell 0-0: Called Strike
0-1: Foul Ball, location: 2F
0-2: Ball
1-2: SINGLE (Line Drive, 9LS)
Batting: RHB Buddy Griffin 0-0: Ball
1-0: Foul Ball, location: 2F
1-1: Foul Ball, location: 2F
1-2: Strikes out swinging
Batting: SHB Jared McNayer 0-0: Swinging Strike
0-1: Ball
1-1: Ball
2-1: Called Strike
2-2: Ball
3-2: Strikes out swinging
Pitching: RHP Tony Meyer
Batting: LHB Milton Watson 0-0: Foul Ball, location: 2F
0-1: Called Strike
0-2: Ball
1-2: Fly out, F5 (Popup, 5SF)
Top of the 9th over - 0 run(s), 1 hit(s), 0 error(s), 1 left on base; Illinois 1 - Cincinnati 5
This league is powered by Out of the Park Baseball, the baseball management simulation game for PC, Mac and Linux
Wednesday, December 2nd, 2015 - OOTP Baseball 16.8 Build 38